 Dungeon Crawl Stone Soup version 0.28.0-53-g5a82cb258f (webtiles) character file.

Game seed: 1572044076020346422

1337 Zeld the Cleaver (level 8, -1/74 HPs)
             Began as a Minotaur Berserker on May 22, 2022.
             Was a Priest of Trog.
             Slain by a kobold brigand
             ... wielding a +1 vampiric dagger
              (5 damage)
             ... on level 8 of the Dungeon.
             The game lasted 00:04:52 (5551 turns).

Zeld the Cleaver (Minotaur Berserker)               Turns: 5551, Time: 00:04:52

Health: -1/74      AC:  8    Str: 24    XL:     8   Next: 35%
Magic:  7/7        EV: 13    Int:  4    God:    Trog [***...]
Gold:   176        SH:  0    Dex: 16    Spells: 7/7 levels left

rFire   . . .      SeeInvis +   a - +0 hand axe
rCold   . . .      Faith    .   (no shield)
rNeg    . . .      Spirit   .   b - +1 ring mail of the Exiled Deaths {*Corrode Dex+6 SInv}
rPois   .          Reflect  .   (helmet restricted)
rElec   .          Harm     .   h - +0 cloak
rCorr   .          Rampage  .   (no gloves)
Will    ++...                   (no boots)
Stlth   +.........              (no amulet)
HPRegen 1.22/turn               (no ring)
MPRegen 0.10/turn               (no ring)

@: strong-willed, regenerating
A: horns 2, retaliatory headbutt
a: Renounce Religion, Berserk, Trog's Hand


You were on level 8 of the Dungeon.
You worshipped Trog.
Trog was most pleased with you.
You visited 1 branch of the dungeon, and saw 6 of its levels.

You collected 176 gold pieces.

Inventory:

Hand Weapons
 a - a +0 hand axe (weapon)
Armour
 b - the +1 ring mail of the Exiled Deaths (worn) {*Corrode Dex+6 SInv}
   (You found it on level 3 of the Dungeon)

   Dex:       It affects your dexterity (+6).
   SInv:      It lets you see invisible.
   *Corrode:  It may corrode you when you take damage.
 h - a +0 cloak (worn)
Jewellery
 c - a ring of protection from cold
Wands
 g - a wand of flame (12)
 n - a wand of digging (9)
 q - a wand of charming (11)
Scrolls
 d - a scroll of identify {unknown}
 i - a scroll of silence {unknown}
 j - a scroll of teleportation {unknown}
 l - 2 scrolls of vulnerability {unknown}
 u - a scroll of magic mapping {unknown}
Potions
 e - a potion of haste {unknown}
 f - a potion of degeneration {unknown}
 k - a potion of attraction {unknown}
 m - a potion of mutation {unknown}
 o - a potion of lignification {unknown}
 p - a potion of curing {unknown}
 r - 2 potions of magic {unknown}
 s - a potion of brilliance {unknown}
 t - a potion of heal wounds {unknown}
 v - a potion of berserk rage {unknown}
 w - a potion of might {unknown}


   Skills:
 * Level 8.0 Fighting
 * Level 8.0 Axes
 + Level 5.3 Armour
 + Level 5.0 Dodging


You had 7 spell levels left.
You didn't know any spells.
Your spell library was empty.

Dungeon Overview and Level Annotations

Branches:
Dungeon (5/15)
 Temple: D:4-7

Altars:
Nemelex Xobeh
Uskayaw
Zin


Innate Abilities, Weirdness & Mutations

You have a pair of horns on your head.
You reflexively headbutt those who attack you in melee.


Message History

The kobold brigand hits you with a +1 vampiric dagger!
* * * LOW HITPOINT WARNING * * *
Unknown command.
You slash the kobold brigand! You headbutt the kobold brigand.
The kobold brigand is severely wounded.
The kobold brigand hits you with a +1 vampiric dagger.
* * * LOW HITPOINT WARNING * * *
The kobold brigand draws strength from your wounds!
Unknown command.
Unknown command.
You closely miss the kobold brigand. You headbutt the kobold brigand.
The kobold brigand is severely wounded.
The kobold brigand barely misses you.
The kobold brigand hits you with a +1 vampiric dagger.
* * * LOW HITPOINT WARNING * * *
Unknown command.
Unknown command.
Your skin crawls.
You feel strong-willed.
The kobold brigand hits you with a +1 vampiric dagger!
* * * LOW HITPOINT WARNING * * *
Unknown command.
You hit the kobold brigand but do no damage.
The kobold brigand is severely wounded.
The kobold brigand hits you with a +1 vampiric dagger!
* * * LOW HITPOINT WARNING * * *
The kobold brigand draws strength from your wounds!
Unknown command.
You hit the kobold brigand but do no damage.
The kobold brigand is severely wounded.
You feel yourself speed up.
You are no longer corroded.
The kobold brigand hits you but does no damage.
The kobold brigand misses you.
Unknown command.
Unknown command.
You hit the kobold brigand.
The kobold brigand is severely wounded.
You hear the faint creaking of a distant portcullis.
The kobold brigand hits you with a +1 vampiric dagger.
You die...

#.##### . #.....#..
.. #####.#.# #.###
#..>..#.# ....
###.....#.##..#####
......<...(.......
###.......>.....
#.....##)##.#
###.#...@K..#
########..# #..#
#..# ######.(######
#......K.....#
#.####K.####.# #)#
#..# #.# #..#


K You could see a kobold brigand.

Vanquished Creatures
  2 sky beasts
  A black bear (D:4)
  3 ogres
  A kobold brigand (D:8)
  Blork the orc (D:4)
  2 scorpions
  A howler monkey (D:4)
  A centaur zombie (D:8)
  A jelly (D:5)
  Crazy Yiuf (D:2)
  Jessica (D:2)
  Natasha (twice) (D:2)
  An orc wizard (D:5)
  A scorpion zombie (D:5)
  A howler monkey zombie (D:5)
  11 gnolls
  2 river rats (D:4)
  6 adders
  A shadow imp (D:4)
  An ufetubus (D:4)
  2 worms
  2 dart slugs
  4 orcs
  7 endoplasms
  2 giant cockroaches
  6 goblins
  9 hobgoblins
  3 quokkas
  8 ball pythons
  8 bats
  4 kobolds
  3 rats
99 creatures vanquished.

Vanquished Creatures (others)
  4 fungi (D:2)
4 creatures vanquished.

Grand Total: 103 creatures vanquished

Notes
Turn   | Place    | Note
-------+----------+-------------------------------------------
     0 | D:1      | Zeld the Minotaur Berserker began the quest for the Orb.
     0 | D:1      | Reached XP level 1. HP: 19/19 MP: 0/0
   251 | D:1      | Reached XP level 2. HP: 27/27 MP: 1/1
  1048 | D:2      | Noticed Jessica
  1057 | D:2      | Killed Jessica
  1058 | D:2      | Reached XP level 3. HP: 5/34 MP: 2/2
  1323 | D:2      | Noticed Natasha
  1331 | D:2      | Killed Natasha
  1332 | D:2      | Reached XP level 4. HP: 30/41 MP: 3/3
  1441 | D:2      | Found a sparkling altar of Nemelex Xobeh.
  1687 | D:2      | Reached ** piety under Trog
  2386 | D:2      | Noticed Natasha
  2395 | D:2      | Killed Natasha
  2396 | D:2      | Reached skill level 5 in Fighting
  2396 | D:2      | Reached skill level 5 in Axes
  2396 | D:2      | Reached XP level 5. HP: 23/48 MP: 4/4
  2604 | D:2      | Found a runed translucent door.
  2645 | D:2      | Noticed Crazy Yiuf
  2650 | D:2      | Killed Crazy Yiuf
  2716 | D:3      | Noticed a sky beast
  2725 | D:3      | Killed a sky beast
  2726 | D:3      | Reached XP level 6. HP: 40/56 MP: 5/5
  3066 | D:3      | Identified the +1 ring mail of the Exiled Deaths {*Corrode
                  | Dex+6 SInv}
  3355 | D:3      | Found a faded altar of an unknown god.
  3355 | D:3      | Noticed a hellwing
  3432 | D:3      | Found a hide-covered altar of Uskayaw.
  3741 | D:4      | Noticed Blork the orc
  3750 | D:4      | Killed Blork the orc
  3938 | D:4      | Reached XP level 7. HP: 59/64 MP: 6/6
  4763 | D:5      | Entered Level 5 of the Dungeon
  5104 | D:5      | Reached *** piety under Trog
  5105 | D:5      | Reached skill level 5 in Armour
  5105 | D:5      | Reached XP level 8. HP: 73/73 MP: 7/7
  5155 | D:5      | Found a glowing silver altar of Zin.
  5454 | D:5      | You fall into a shaft and drop 3 floors!
  5518 | D:8      | Found a sparkling altar of Nemelex Xobeh.
  5519 | D:8      | Noticed a kobold demonologist
  5543 | D:8      | Reached skill level 5 in Dodging
  5549 | D:8      | HP: 1/74 [kobold brigand/+1 vampiric dagger (7)]
  5551 | D:8      | Slain by a kobold brigand

Illustrated notes

Levels and vault maps discovered:
D:1:      beargit_arrival_diablo_church, layout_basic
D:2:      layout_loops_ring, basic_altar, uniq_natasha, uniq_crazy_yiuf_cottage,
          uniq_jessica
D:3:      layout_loops_ring, nicolae_uskayaw_suspiria,
          dreamdust_ecumenical_altar_sealed_demon, amcnicky_mini_pool_small
D:4:      black_bear_nest_2, layout_loops_ring, lightli_sewer_entry_pipes,
          uniq_blork_the_orc
D:5:      minmay_skewed_foursquare, layout_basic, mainiacjoe_overflow_paths,
          saegor_snake_ambush
D:8:      layout_loops_ring, nemelex_xobeh_ov_fountains_minmay,
          mainiacjoe_overflow_brackets, mainiacjoe_overflow_alcove_3,
          enter_bailey_2, nicolae_figureground_pulse, uniq_psyche

Skill      XL: |  1  2  3  4  5  6  7  8 |
---------------+-------------------------+-----
Axes           | 4 5 6 7 8 |  8.0
Fighting       | 4 5 6 7 8 |  8.0
Armour         | 3 4 5 |  5.3
Dodging        | 3 4 5 |  5.0

Action                   |  1- 3 |  4- 6 |  7- 9 || total
-------------------------+-------+-------+-------++-------
Melee: Hand axe          |    46 |   137 |   128 ||   311
       Headbutt          |    11 |    24 |    29 ||    64
       Punch             |     2 |     1 |     2 ||     5
Invok: Berserk           |       |     3 |     1 ||     4
       Trog's Hand       |       |       |     1 ||     1
Armor: Animal skin       |    13 |    17 |       ||    30
       Ring mail         |       |    25 |    46 ||    71
Dodge: Dodged            |    25 |    82 |   100 ||   207
